 Dungeon Crawl Stone Soup version 0.31-a0-175-g9f7f995f2b (webtiles) character file.

Game seed: 6039374243717672766

1345 qw the Skirmisher (level 8, -8/50 HPs)
             Began as a Gargoyle Hunter on June 16, 2023.
             Hit by a large rock thrown by a cyclops (29 damage)
             ... on level 6 of the Dungeon.
             The game lasted 00:01:52 (4434 turns).

qw the Skirmisher (Gargoyle Hunter)                 Turns: 4434, Time: 00:01:52

Health: -8/50      AC: 13    Str: 16    XL:     8   Next: 62%
Magic:  8/8        EV: 16    Int:  9    God:
Gold:   288        SH:  0    Dex: 15    Spells: 7/7 levels left

rFire   . . .        Y - +2 shortbow (flame)
rCold   . . .        (shield currently unavailable)
rNeg    + . .        k - +0 ring mail
rPois   inf          (no helmet)
rElec   +            (no cloak)
rCorr   .            h - +0 pair of gloves
SInv    .            g - +0 pair of boots
Will    +....        (no amulet)
Stlth   +            d - +5 ring of evasion
HPRegen 0.28/turn    e - ring of willpower
MPRegen 0.11/turn

%: no passive effects
@: no status effects
A: sickness immunity, AC +5, negative energy resistance 1, electricity
resistance, torment resistance 1, petrification resistance
a: no special abilities


You were on level 6 of the Dungeon.
You visited 2 branches of the dungeon, and saw 9 of its levels.

You collected 288 gold pieces.


Innate Abilities, Weirdness & Mutations

You are immune to sickness and miasma.
Your stone body is resilient. (AC +5)
You are immune to poison.
You resist negative energy. (rN+)
You are resistant to electric shocks. (rElec)
You are resistant to unholy torment.
You are immune to petrification.


   Skills:
 + Level 5.6 Fighting
 - Level 9.2 Ranged Weapons
 - Level 3.3 Armour
 - Level 2.2 Dodging
 - Level 1.1 Stealth


You had 7 spell levels left.
You didn't know any spells.
Your spell library was empty.

Inventory:

Hand Weapons
 Y - a +2 shortbow of flaming (weapon)
Armour
 g - a +0 pair of boots (worn)
 h - a +0 pair of gloves (worn)
 k - a +0 ring mail (worn)
Jewellery
 d - a +5 ring of evasion (left hand)
 e - a ring of willpower (right hand)
 q - a ring of wizardry
Scrolls
 a - a scroll of identify
 b - a scroll of teleportation
Potions
 c - a potion of might
 f - 2 potions of attraction
 i - a potion of heal wounds
 j - a potion of invisibility {unknown}
 l - a potion of resistance
 m - a potion of cancellation {unknown}
 n - a potion of magic {unknown}
 o - a potion of lignification {unknown}
 p - 3 potions of curing {unknown}

Dungeon Overview and Level Annotations

Branches:
Dungeon (8/15)             Temple (1/1) D:5
   Lair: D:8-11

Altars:
Ashenzari
Cheibriados
Dithmenos
Fedhas
Gozag
Makhleb
Nemelex Xobeh
Qazlal
Ru
Sif Muna
Trog
Uskayaw
Wu Jian
Xom
Yredelemnul
Zin
The Shining One

Shops:
D:1 (   D:2 :


Message History

Enter note:
Enter note:
Enter note:
Enter note:
Enter note:
Enter note:
Enter note:
Enter note:
Enter note:
Enter note:
Enter note:
Enter note: A cyclops comes into view.
The cyclops shouts!
The cyclops throws a large rock.
The large rock completely misses you.
Enter note:
Enter note:
Enter note:
Enter note:
Enter note:
Enter note:
Enter note:
Enter note:
Enter note:
Enter note:
Enter note:
Enter note: You shoot an arrow.
The arrow hits the cyclops but does no damage.
You shoot an arrow. The arrow hits the cyclops!
The arrow burns the cyclops.
The cyclops is lightly wounded.
You shoot an arrow. The arrow hits the cyclops.
The arrow burns the cyclops.
The cyclops is moderately wounded.
The cyclops throws a large rock.
The large rock hits you!!
Ouch! That really hurt!
You shoot an arrow. The arrow hits the cyclops.
The arrow burns the cyclops.
The cyclops is moderately wounded.
The cyclops throws a large rock.
The large rock hits you!!
Ouch! That really hurt!
You die...

...#...#.#
.#...#...#
#...#...#.#
.C#...#...#
#...#...#.#
..#...#..##
#...#....##
.?#.......#
.......@.##
.........#
.##.....##
#######


You could see a cyclops.

Vanquished Creatures
  Grinder (D:5)
  Sigmund (D:2)
  An ice beast (D:8)
  An ogre (D:4)
  2 bullfrogs (D:6)
  3 scorpions
  3 hounds
  2 orc priests
  2 sleepcaps
  Jessica (D:2)
  5 iguanas
  2 orc wizards (D:3)
  5 adders
  A white imp (D:6)
  A worm (D:5)
  3 dart slugs
  13 orcs
  8 ball pythons
  2 bats (D:3)
  7 endoplasms
  3 giant cockroaches
  14 goblins
  10 hobgoblins
  9 jackals
  9 kobolds
  2 quokkas
  3 frilled lizards
  4 rats
118 creatures vanquished.

Notes
Turn   | Place    | Note
-------+----------+-------------------------------------------
     0 | D:1      | qw the Gargoyle Hunter began the quest for the Orb.
     0 | D:1      | Reached XP level 1. HP: 12/12 MP: 1/1
     0 | D:1      | 0 ||| qw: Version: 0.2-a-29-g511e9b1
     0 | D:1      | 0 ||| qw: Game counter: 33
     0 | D:1      | 0 ||| qw: Always use a shield: true
     0 | D:1      | 0 ||| qw: God list: Okawaru
     0 | D:1      | 0 ||| qw: Allow faded altars: false
     0 | D:1      | 0 ||| qw: Do Orc after D:15 true
     0 | D:1      | 0 ||| qw: Do second Lair branch before Depths: true
     0 | D:1      | 0 ||| qw: Lair rune preference: random
     0 | D:1      | 0 ||| qw: Plans: Normal, Zot:1-4, Slime:5, God:TSO, Crypt,
                  | Tomb, Abyss, Pan, Hells, Win
     0 | D:1      | 0 ||| PLANNING D:1-11
   101 | D:1      | Reached XP level 2. HP: 17/17 MP: 2/2
   344 | D:1      | Found a faded altar of an unknown god.
   422 | D:1      | Reached XP level 3. HP: 21/21 MP: 3/3
   463 | D:1      | Found Otregekh's Weapon Shoppe.
   586 | D:1      | Reached skill level 5 in Ranged Weapons
  1067 | D:1      | 1067 ||| UPGRADING to +0 pair of boots.
  1072 | D:1      | 1072 ||| UPGRADING to +0 pair of gloves.
  1077 | D:1      | 1077 ||| READING scroll labelled PIUSIA YFETZ.
  1078 | D:1      | 1078 ||| READING scroll labelled GEWKIHUUTH.
  1079 | D:1      | 1079 ||| READING scroll labelled QEJEZAU DAPRY.
  1180 | D:1      | 1180 ||| READING scroll labelled RUAM ZUSMEP.
  1181 | D:1      | 1181 ||| READING scroll labelled XIT BENYWU.
  1182 | D:1      | 1182 ||| READING scroll labelled OTORY LITHRUXZU.
  1183 | D:1      | 1183 ||| DROPPING scroll of butterflies.
  1337 | D:2      | Noticed Jessica
  1339 | D:2      | Killed Jessica
  1340 | D:2      | Reached skill level 3 in Fighting
  1340 | D:2      | Reached XP level 4. HP: 28/28 MP: 4/4
  1479 | D:2      | Noticed Sigmund
  1490 | D:2      | Killed Sigmund
  1491 | D:2      | Reached skill level 3 in Armour
  1491 | D:2      | Reached XP level 5. HP: 19/32 MP: 5/5
  1672 | D:2      | Found Gisefrul's Book Boutique.
  2058 | D:2      | 2058 ||| UPGRADING to +5 ring of evasion.
  2059 | D:2      | 2059 ||| READING 3 scrolls labelled FIMPAT IGHUCU.
  2060 | D:2      | 2060 ||| READING scroll labelled KYASASK ERIWK.
  2063 | D:2      | 2063 ||| READING scroll labelled ODEDGH WIFESODE.
  2064 | D:2      | 2064 ||| READING scroll labelled VULADO HODEFUKK.
  2065 | D:2      | 2065 ||| READING 2 scrolls of identify.
  2065 | D:2      | 2065 ||| IDENTIFYING purple potion
  2096 | D:3      | 2096 ||| STAIRDANCE
  2149 | D:3      | Reached XP level 6. HP: 26/37 MP: 6/6
  2321 | D:3      | Reached skill level 6 in Ranged Weapons
  2818 | D:3      | 2818 ||| UPGRADING to ring of willpower.
  2819 | D:3      | 2819 ||| READING scroll labelled LIEGAF GESTIOL.
  2944 | D:4      | Reached XP level 7. HP: 12/43 MP: 7/7
  3198 | D:4      | Found a glowing silver altar of Zin.
  3264 | D:4      | Reached skill level 7 in Ranged Weapons
  3308 | D:4      | Identified the +9 falchion "Kiptunoll" {flame, rElec}
  3520 | D:4      | 3520 ||| UPGRADING to +0 ring mail.
  3530 | D:4      | 3530 ||| DROPPING +0 leather armour.
  3531 | D:4      | 3531 ||| DRINKING 2 pink potions.
  3532 | D:4      | 3532 ||| DRINKING 3 sapphire potions.
  3533 | D:4      | 3533 ||| DROPPING 2 potions of brilliance.
  3558 | D:5      | Entered Level 5 of the Dungeon
  3599 | D:5      | You fall into a shaft and drop 3 floors!
  3644 | D:7      | Found a bloodstained altar of Trog.
  3676 | D:7      | 3676 ||| DRINKING 2 murky grey potions.
  3677 | D:7      | 3677 ||| DROPPING potion of enlightenment.
  3694 | D:6      | Reached skill level 8 in Ranged Weapons
  3708 | D:6      | Reached XP level 8. HP: 47/48 MP: 8/8
  3731 | D:6      | 3731 ||| READING 2 scrolls of identify.
  3731 | D:6      | 3731 ||| IDENTIFYING grey potion
  3780 | D:5      | 3780 ||| READING scroll of enchant weapon.
  3780 | D:5      | 3780 ||| ENCHANTING +1 shortbow of flaming.
  3858 | D:5      | Noticed Grinder
  3873 | D:5      | Killed Grinder
  3874 | D:5      | Reached skill level 9 in Ranged Weapons
  3907 | D:5      | Found a staircase to the Ecumenical Temple.
  3908 | D:5      | 3908 ||| PLANNING TEMPLE
  3958 | Temple   | Entered the Ecumenical Temple
  3992 | Temple   | 3992 ||| PLANNING D:1-11
  4219 | D:5      | 4219 ||| READING 2 scrolls of identify.
  4219 | D:5      | 4219 ||| IDENTIFYING ruby potion
  4430 | D:6      | Noticed a cyclops
  4434 | D:6      | Hit by a large rock thrown by a cyclops

Levels and vault maps discovered:
D:1:      dpeg_arrival_brainrot, layout_basic,
          shapermc_ecumenical_altar_mp_ritualfount, serial_shops, shop
D:2:      layout_basic, serial_shops, nicolae_book_shop_shelving,
          grunt_decor_fettered, uniq_jessica, uniq_sigmund
D:3:      layout_loops_ring
D:4:      layout_basic, zin_statuary
D:5:      layout_cave_pools, minmay_temple_entry_statues, minmay_diced_spiral,
          uniq_grinder
D:6:      layout_cave_pools, hex_medium, skrybe_limestone_x
D:7:      layout_cave_pools, kennysheep_mini_moat,
          mainiacjoe_overflow_concentric_impassable,
          mainiacjoe_overflow_catch_the_wave, serial_glass, glass_columns_b,
          glass_columns_b
D:8:      layout_loops_ring, okawaru_humans, due_unseen_surprise,
          uniq_prince_ribbit1, uniq_erica
Temple:   hellmonk_temple_of_storms

Skill      XL: |  1  2  3  4  5  6  7  8 |
---------------+-------------------------+-----
Ranged Weapons | 5 6 8 9 |  9.2
Fighting       | 3 4 5 |  5.6
Armour         | 3 |  3.3
Dodging        | 2 |  2.2
Stealth        | |  1.1

Action                     |  1- 3 |  4- 6 |  7- 9 || total
---------------------------+-------+-------+-------++-------
   Fire: Shortbow          |    87 |   169 |   168 ||   424
    Use: Scroll            |     6 |     6 |     3 ||    15
         Potion            |       |       |     3 ||     3
 Armour: Leather armour    |    17 |    34 |    15 ||    66
         Ring mail         |       |       |    15 ||    15
  Dodge: Dodged            |    18 |    43 |    55 ||   116

Table legend:
 A = Non-vault XP
 B = Vault XP
 C = Vault XP percentage of total XP
 D = Non-vault monster count
 E = Vault monster count
 F = Vault count percentage of total count
                 A         B        C        D         E       F
            +---------+---------+-------+---------+---------+-------
      Total |    1337 |     585 |  30.4 |     111 |       7 |   5.9
            +---------+---------+-------+---------+---------+-------
        D:1 |      47 |       2 |   4.1 |      24 |       1 |   4.0
        D:2 |      68 |     169 |  71.3 |      16 |       2 |  11.1
        D:3 |     190 |       0 |   0.0 |      32 |       0 |   0.0
        D:4 |     379 |       0 |   0.0 |      20 |       0 |   0.0
        D:5 |     124 |     414 |  77.0 |       5 |       4 |  44.4
        D:6 |     348 |       0 |   0.0 |       9 |       0 |   0.0
        D:8 |     181 |       0 |   0.0 |       5 |       0 |   0.0
            +---------+---------+-------+---------+---------+-------
